 Dungeon Crawl Stone Soup version 0.25-a0-42-g6c54e25894 (webtiles) character file.

Game seed: 16509632682781231353, levelgen mode: deterministic

748709 KleinerIrrer the Cloud Mage (level 27, -11/366 HPs)
             Began as a Demonspawn Air Elementalist on Oct 21, 2019.
             Was the Champion of Vehumet.
             Mangled by a daeva
             ... wielding a +2 scimitar of holy wrath
              (29 damage)
             ... on level 24 of a ziggurat on Oct 23, 2019.
             The game lasted 08:38:14 (101293 turns).

KleinerIrrer the Cloud Mage (DsAE)                Turns: 101293, Time: 08:38:16

Health: -11/366    AC: 39    Str:  9    XL:     27
Magic:  44/47      EV: 25    Int: 32    God:    Vehumet [******]
Gold:   2787       SH: 10    Dex: 18    Spells: 1/67 levels left

rFire    + + .     SeeInvis +   N - staff of air
rCold    + + +     Gourm    .   l - +2 buckler {rC+}
rNeg     + + +     Faith    .   (armour currently unavailable)
rPois    ∞         Spirit   .   d - +2 hat {MR+}
rElec    +         Reflect  .   R - +0 cloak of Gravitas {rElec rN+ MR+ Stlth+}
rCorr    .         Harm     .   (gloves unavailable)
MR       +++++     Clarity  +   (boots currently unavailable)
Stlth    ++++......             O - amulet of the Four Winds {rN+ MR+++ Clar}
HPRegen  0.71/turn              G - ring "Hinwol" {+Inv rPois rC+ Dex+2 SInv}
MPRegen  0.30/turn              y - +6 ring of protection

@: brilliant, statue-form, very slightly contaminated, glowing, studying
Throwing, very slow
A: antennae 1, claws 3, molten scales 3, cold resistance 1, fire resistance 1,
foul stench 2, nightstalker 3, robust 3, rot immunity
}: 3/15 runes: barnacled, silver, gossamer
a: End Transformation, Renounce Religion, Evoke Invisibility


You were on level 24 of a ziggurat.
You worshipped Vehumet.
Vehumet was exalted by your worship.
You were not hungry.
You were a stone statue.
You visited 9 branches of the dungeon, and saw 43 of its levels.
You visited 1 ziggurat, and saw 24 of its levels.
You also visited: Ossuary, Gauntlet, Volcano and Wizlab.

You collected 7426 gold pieces.
You spent 4639 gold pieces at shops.

Inventory:

Hand Weapons
 B - the +9 staff of Wucad Mu {channel}
   (You found it in a wizard's laboratory)
Armour
 d - a +2 hat of magic resistance (worn)
 l - a +2 buckler of cold resistance (worn)
 m - a +2 pair of boots (melded)
 n - the +4 robe of Augmentation (melded) {Str+4 Int+4 Dex+4}
   (You found it on level 22 of a ziggurat)

   It affects your strength (+4).
   It affects your intelligence (+4).
   It affects your dexterity (+4).
 C - a +2 robe of fire resistance
 P - a +0 large shield of protection
 R - the +0 cloak of Gravitas (worn) {rElec rN+ MR+ Stlth+}
   (You found it in a Gauntlet)

   It insulates you from electricity.
   It protects you from negative energy.
   It affects your resistance to hostile enchantments.
   It makes you more stealthy.
Magical Staves
 N - an uncursed staff of air (weapon)
Jewellery
 i - the ring "Ehyudias" {rElec rN+ MR+}
   (You found it on level 17 of a ziggurat)

   [ring of protection from magic]

   It insulates you from electricity.
   It protects you from negative energy.
   It affects your resistance to hostile enchantments.
 q - the ring of the Sun {*Corrode rF+ rN+ MR+ Int+5}
   (You found it on level 10 of a ziggurat)

   [ring of positive energy]

   It affects your intelligence (+5).
   It protects you from fire.
   It protects you from negative energy.
   It affects your resistance to hostile enchantments.
   It may corrode you when you take damage.
 v - the ring of Kuzut {-Tele +Fly rC++ Int+4}
   (You found it on level 6 of a ziggurat)

   [ring of flight]

   It affects your intelligence (+4).
   It greatly protects you from cold.
   It lets you fly.
   It prevents most forms of teleportation.
 w - the ring of the Mage {Wiz MR++ Int+3}
   (You found it on level 5 of the Vaults)

   [ring of wizardry]

   It improves your spell success rate.
   It affects your intelligence (+3).
   It affects your resistance to hostile enchantments.
 y - a +6 ring of protection (right claw)
 G - the ring "Hinwol" (left claw) {+Inv rPois rC+ Dex+2 SInv}
   (You bought it in a shop on level 2 of the Orcish Mines)

   [ring of protection from cold]

   It affects your dexterity (+2).
   It protects you from cold.
   It protects you from poison.
   It lets you see invisible.
   It lets you turn invisible.
 H - the amulet "Guzoel" {Acrobat +Blink rElec Int+4}
   (You bought it in a shop on level 4 of the Shoals)

   [amulet of the acrobat]

   It helps you evade while moving and waiting.
   It affects your intelligence (+4).
   It insulates you from electricity.
   It lets you blink.
 L - the ring of Wyskuom {+Fly rN+ Int+2 Dex+4}
   (You found it on level 20 of a ziggurat)

   [ring of flight]

   It affects your intelligence (+2).
   It affects your dexterity (+4).
   It protects you from negative energy.
   It lets you fly.
 O - the amulet of the Four Winds (around neck) {rN+ MR+++ Clar}
   (You found it on level 6 of a ziggurat)

   [amulet of nothing]

   It protects you from negative energy.
   It affects your resistance to hostile enchantments.
   It protects you against confusion.
 X - an uncursed ring of resist corrosion
 Z - an uncursed ring of protection from fire
Wands
 f - a wand of enslavement (13)
 A - a wand of clouds (5)
 D - a wand of digging (21)
 E - a wand of iceblast (22)
 Y - a wand of acid (21)
Scrolls
 b - 5 scrolls of magic mapping
 h - 41 scrolls of teleportation
 j - 28 scrolls of remove curse
 k - 13 scrolls of enchant armour
 s - 9 scrolls of blinking
 z - 5 scrolls of enchant weapon
 J - 4 scrolls of silence
 K - 12 scrolls of amnesia
 T - 10 scrolls of identify
 V - 5 scrolls of fog
 W - 3 scrolls of fear
Potions
 a - 7 potions of resistance
 g - 6 potions of flight
 o - 15 potions of curing
 p - 3 potions of magic
 r - 4 potions of invisibility
 t - 17 potions of haste
 u - 4 potions of agility
 F - 13 potions of brilliance
 M - 9 potions of mutation
 Q - a potion of ambrosia
 U - 4 potions of cancellation
Books
 e - a manual of Throwing
Miscellaneous
 S - 11 phantom mirrors
Comestibles
 c - 26 rations


   Skills:
 - Level 17.9 Fighting
 - Level 5.0 Armour
 - Level 15.7 Dodging
 - Level 11.3 Stealth
 - Level 15.0 Shields
 - Level 20.9 Spellcasting
 * Level 13.8 Conjurations
 - Level 16.8 Transmutations
 * Level 13.1 Ice Magic
 - Level 25.7 Air Magic
 - Level 0.4 Poison Magic
 - Level 4.0 Evocations


You had one spell level left.
You knew the following spells:

 Your Spells              Type           Power        Failure   Level  Hunger
a - Shock                 Conj/Air       ####         0%          1    None
b - Swiftness             Chrm/Air       ########     0%          2    None
c - Airstrike             Air            ########..   0%          4    None
d - Summon Lightning Spi  Summ/Air       ########     1%          4    None
e - Lightning Bolt        Conj/Air       ########..   0%          5    None
f - Mephitic Cloud        Conj/Pois/Air  ########     0%          3    None
g - Static Discharge      Conj/Air       ########     0%          3    None
h - Statue Form           Tmut/Erth      #######..    1%          6    None
i - Conjure Ball Lightni  Conj/Air       ########..   1%          6    None
j - Tornado               Air            ########..   1%          9    ######.
k - Freezing Cloud        Conj/Ice/Air   ########..   1%          6    None
l - Chain Lightning       Conj/Air       ########..   1%          8    ####...
m - Shroud of Golubria    Chrm/Tloc      ######       1%          2    None
n - Regeneration          Chrm/Necr      ######....   1%          3    None
o - Passage of Golubria   Tloc           N/A          1%          4    None

Your spell library contained the following spells:

 Spells                   Type           Power        Failure   Level  Hunger
 Lehudib's Crystal Spear  Conj/Erth      #######...   34%         8    ####...
 Glaciate                 Conj/Ice       #######...   36%         9    ######.
 Beastly Appendage        Tmut           ######       0%          1    None
 Freeze                   Ice            ####         0%          1    None
 Magic Dart               Conj           ####         0%          1    None
 Animate Skeleton         Necr           N/A          1%          1    None
 Apportation              Tloc           ######       1%          1    None
 Confusing Touch          Hex            ######       1%          1    None
 Corona                   Hex            ######.      1%          1    None
 Flame Tongue             Conj/Fire      #####        1%          1    None
 Infusion                 Chrm           ####         1%          1    None
 Pain                     Necr           ####         1%          1    None
 Sandblast                Erth           ######       1%          1    None
 Sting                    Conj/Pois      ####         1%          1    None
 Summon Butterflies       Summ           ######..     1%          1    None
 Summon Small Mammal      Summ           ####         1%          1    None
 Poisonous Vapours        Pois/Air       ######       0%          2    None
 Sticks to Snakes         Tmut           ########     0%          2    None
 Throw Frost              Conj/Ice       ######       0%          2    None
 Ice Form                 Ice/Tmut       #######.     0%          4    None
 Blink                    Tloc           N/A          1%          2    None
 Call Imp                 Summ           ######..     1%          2    None
 Corpse Rot               Necr           N/A          1%          2    None
 Ensorcelled Hibernation  Hex/Ice        ######       1%          2    None
 Passwall                 Tmut/Erth      #######.     1%          2    None
 Song of Slaying          Chrm           ######..     1%          2    None
 Sublimation of Blood     Necr           ######....   1%          2    None
 Throw Flame              Conj/Fire      ######       1%          2    None
 Call Canine Familiar     Summ           ######..     1%          3    None
 Confuse                  Hex            ######..     1%          3    None
 Conjure Flame            Conj/Fire      #######.     1%          3    None
 Dazzling Spray           Conj/Hex       ######       1%          3    None
 Gell's Gravitas          Tloc           ######....   1%          3    None
 Inner Flame              Hex/Fire       ######..     1%          3    None
 Lesser Beckoning         Tloc           ######....   1%          3    None
 Portal Projectile        Hex/Tloc       ######       1%          3    None
 Recall                   Summ/Tloc      N/A          1%          3    None
 Spectral Weapon          Hex/Chrm       ######..     1%          3    None
 Spider Form              Tmut/Pois      #######...   1%          3    None
 Stone Arrow              Conj/Erth      ######       1%          3    None
 Summon Guardian Golem    Hex/Summ       ######..     1%          3    None
 Teleport Other           Tloc           ######..     1%          3    None
 Tukima's Dance           Hex            ######..     1%          3    None
 Vampiric Draining        Necr           ######....   1%          3    None
 Animate Dead             Necr           N/A          1%          4    None
 Cause Fear               Hex            ######....   1%          4    None
 Force Lance              Conj/Tloc      #######.     1%          4    None
 Leda's Liquefaction      Hex/Erth       ######....   1%          4    None
 Olgreb's Toxic Radiance  Pois           ######..     1%          4    None
 Petrify                  Tmut/Erth      #######.     1%          4    None
 Sticky Flame             Conj/Fire      #######.     1%          4    None
 Summon Ice Beast         Ice/Summ       #######.     1%          4    None
 Alistair's Intoxication  Tmut/Pois      #######.     1%          5    None
 Blade Hands              Tmut           ########..   1%          5    None
 Bolt of Draining         Conj/Necr      #######...   1%          5    None
 Bolt of Magma            Conj/Fire/Erth ######....   1%          5    None
 Fireball                 Conj/Fire      #######...   1%          5    None
 Irradiate                Conj/Tmut      ########..   1%          5    None
 Iskenderun's Battlesphe  Conj/Chrm      #######.     1%          5    None
 Metabolic Englaciation   Hex/Ice        #######...   1%          5    None
 Silence                  Hex/Air        ########..   1%          5    None
 Venom Bolt               Conj/Pois      #######...   1%          5    None
 Yara's Violent Unravell  Hex/Tmut       #######...   1%          5    None
 Deflect Missiles         Chrm/Air       ########..   1%          6    None
 Hydra Form               Tmut           ########..   1%          6    None
 Iron Shot                Conj/Erth      #######...   1%          6    None
 Simulacrum               Ice/Necr       #######...   1%          6    None
 Dragon Form              Tmut           ########..   1%          7    ##.....
 Orb of Destruction       Conj           #######...   1%          7    ##.....
 Agony                    Necr           ######..     3%          5    None
 Borgnjor's Vile Clutch   Necr/Erth      ######....   3%          5    None
 Dispel Undead            Necr           ######..     3%          5    None
 Excruciating Wounds      Chrm/Necr      ######....   3%          5    None
 Lee's Rapid Deconstruct  Erth           ######....   3%          5    None
 Summon Forest            Summ/Tloc      ######....   3%          5    None
 Summon Mana Viper        Hex/Summ       ######..     3%          5    None
 Spellforged Servitor     Conj/Summ      #######...   5%          7    ##.....
 Darkness                 Hex            ######....   16%         6    None
 Death Channel            Necr           ######....   16%         6    None
 Dispersal                Tloc           ######....   16%         6    None
 Invisibility             Hex            ######..     16%         6    None
 Shadow Creatures         Summ           N/A          16%         6    None
 Ring of Flames           Chrm/Fire      ######....   56%         7    ##.....
 Summon Hydra             Summ           ######....   56%         7    ##.....
 Controlled Blink         Tloc           N/A          99%         8    ####...
 Discord                  Hex            ######....   99%         8    ####...
 Disjunction              Tloc           ######....   99%         8    ####...
 Dragon's Call            Summ           ######....   100%        9    ######.


Dungeon Overview and Level Annotations

Branches:
Dungeon (15/15)            Temple (1/1) D:6            Lair (6/6) D:8
 Shoals (4/4) Lair:3       Spider (4/4) Lair:2        Slime (0/5) Lair:6
    Orc (2/2) D:11            Elf (1/3) Orc:2        Vaults (5/5) D:14
  Crypt (0/3) Vaults:2     Depths (5/5) D:15            Zot (0/5) Depths:5
Ossuary (visited)         Volcano (visited)          WizLab (visited)
Gauntlet (visited)

Altars:
Ashenzari
Cheibriados
Dithmenos
Elyvilon
Fedhas
Gozag
Hepliaklqana
Kikubaaqudgha
Makhleb
Nemelex Xobeh
Okawaru
Qazlal
Ru
Sif Muna
Trog
Uskayaw
Vehumet
Wu Jian
Xom
Yredelemnul
Zin
The Shining One
Beogh

Shops:
D:5 !}:[   Orc:2 =[*(   Shoals:1 *   Shoals:2 (   Shoals:4 !=   Vaults:5 %
Depths:2 *[!%

Portals:
Hell: Depths:1 Depths:2 Depths:3 Depths:4 Depths:5
Abyss: Depths:3 Depths:4
Pandemonium: Depths:3

Annotations:
D:4 2 transporters
D:14 exclusion: obsidian statue


Innate Abilities, Weirdness & Mutations

You have claws for hands.
(You are completely covered in molten scales. (AC +4, rF+))
You frequently emit foul miasma when damaged in melee.
You are completely attuned to the shadows.
You are extremely robust. (+30% HP)
You are immune to rotting.
You have a pair of small antennae on your head.
Your flesh is cold resistant. (rC+)
Your flesh is heat resistant. (rF+)


Message History

The angel moves out of view.
The ophan moves out of view.
Okay, then.
Okay, then.
Okay, then.
Evoke which item? (* to show all) (? for menu, Esc to quit)
Aiming: Cloud Cone
Press: ? - help, Dir - move target cursor You create a blast of noxious fumes!
You float gracefully downwards.
The apis gores you but does no damage.
The cherub sings praise to the Shining One, in four-part harmony.
The cherub shoots an arrow.
The arrow hits you but does no damage. You block the apis's attack.
Unknown command.
As you read the scroll of summoning, it crumbles to dust.
Wisps of shadow whirl around you... The winds around you calm down.
The angel hits your ophan with a +1 whip of holy wrath!!
The angel hits your ophan with a +1 whip of holy wrath.
The daeva hits you with a +2 scimitar of holy wrath!!
You die...

....▓▓▓▓▓▓▓▓▓▓▓▓▓
............AYA8▓
..........)†§GAY▓
...D...AA..§A§.§▓
........G..(A§..▓
........A...A§.§▓
....†.(.AA...).)▓
......†(.......∩▓
......)A[...G..)▓
..A...........▓


You could see an apis, 2 daevas, an angel, 2 cherubim, a friendly apis, a
friendly angel and a friendly ophan.

Vanquished Creatures
  3 ancient liches
  3 juggernauts
  Mennas (Vaults:5)
  6 greater mummies (Zig:22)
  2 pandemonium lords
  Bai Suzhen (Vaults:5)
  Boris (Depths:5)
  Frederick (Depths:5)
  A caustic shrike (Zig:7)
  Saint Roka (Vaults:5)
  Xtahua (Vaults:4)
  6 golden dragons
  2 bone dragons
  6 pearl dragons (Zig:24)
  A Tzitzimitl (Zig:14)
  2 Brimstone Fiends
  An Ice Fiend (Zig:14)
  9 liches
  11 tentacled monstrosities
  2 deep elf blademasters (Zig:18)
  7 titans
  Rupert (Orc:2)
  3 quicksilver dragons (Vaults:5)
  2 Executioners (Zig:14)
  A deep elf master archer (Zig:18)
  24 acid blobs
  2 sphinxes (shapeshifter)
  7 sphinxes
  A kraken (Shoals:3)
  4 ancient champions (Zig:17)
  8 tengu reavers
  8 shadow dragons
  A draconian monk (Depths:5)
  6 storm dragons
  10 azure jellies
  2 revenants (Zig:17)
  A warmonger (Zig:14)
  Ilsuiw (Shoals:2)
  8 daevas (Zig:24)
  6 orc warlords
  Roxanne (Shoals:2)
  A draconian knight (Zig:10)
  5 deep elf sorcerers
  17 frost giants
  5 nagarajas (Zig:20)
  An iron dragon (Vaults:5)
  2 draconian scorchers
  9 balrugs
  8 fire giants
  13 vault wardens
  2 caustic shrike zombies (Zig:21)
  16 ghost moths
  10 emperor scorpions
  3 draconian shifters
  Aizul (Shoals:2)
  2 draconian stormcallers (Zig:10)
  2 deep elf elementalists (Depths:4)
  4 angels (Zig:24)
  3 black suns
  2 juggernaut zombies
  2 spriggan defenders (Depths:4)
  25 very ugly things
  3 draconian annihilators
  4 juggernaut skeletons
  3 blood saints (Zig:12)
  9 apis (Zig:24)
  15 ironheart preservers
  A corrupter (Zig:14)
  11 entropy weavers
  18 stone giants
  5 reapers
  6 ophanim (Zig:24)
  4 war gargoyles (Vaults:5)
  2 ghouls (Zig:17)
  3 caustic shrike skeletons
  A green draconian (Depths:5)
  7 vampire knights
  8 deep elf demonologists
  2 dire elephants
  A black draconian (Depths:5)
  5 spark wasps
  5 deep elf annihilators
  A small abomination (Vaults:4)
  2 bennus (Zig:22)
  The ghost of Linguinho the Grappler, a journeyman TrFi (D:11)
  3 red draconians
  A yellow draconian (Zig:10)
  Azrael (D:15)
  3 white draconians (Zig:10)
  2 lorocyprocas (Zig:14)
  5 orange crystal statues
  2 green deaths
  Snorg (D:13)
  4 blizzard demons
  4 deep elf death magi
  8 fire dragons
  4 death oozes
  11 ettins
  5 crystal guardians
  8 merfolk javelineers
  A jiangshi (Zig:17)
  4 eidola
  25 yaktaur captains
  7 mummy priests (Zig:22)
  19 ogre magi
  8 deep elf high priests
  13 merfolk impalers
  A quicksilver dragon zombie (Zig:21)
  12 great orbs of eyes
  Erolcha (D:13)
  10 hydras
  A hell beast (Zig:14)
  A monstrous demonspawn (Zig:14)
  A shambling mangrove (Zig:15)
  3 rakshasas
  35 vault guards
  18 ice dragons
  4 spriggan air magi
  2 ghost crabs (Zig:15)
  An anaconda (shapeshifter) (D:15)
  9 centaur warriors
  7 merfolk aquamancers
  6 merfolk avatars
  An alligator snapping turtle (Zig:20)
  4 alligators (Zig:15)
  65 two-headed ogres
  5 dancing weapons (Zig:18)
  8 satyrs
  3 death yaks
  7 deep troll earth magi
  6 deep troll shamans
  2 hell hogs (Zig:21)
  6 death scarabs (Zig:22)
  7 vampire magi
  5 spriggan berserkers
  11 tengu warriors
  A titan zombie (Zig:22)
  4 titan skeletons
  A naga sharpshooter (Zig:20)
  8 orc high priests
  A storm dragon zombie (Zig:22)
  A salamander mystic (Zig:12)
  21 deep elf knights
  3 hell knights
  5 iron trolls
  A death drake (Zig:15)
  15 sea snakes
  2 sixfirhies (Zig:14)
  4 flayed ghosts
  3 cherubim (Zig:24)
  3 golden dragon zombies
  7 glowing orange brains
  3 spriggan druids
  2 skeletal warriors
  A death drake (shapeshifter) (Vaults:5)
  14 deep trolls
  3 shadow wraiths (Zig:17)
  2 unseen horrors (D:14)
  5 swamp dragons
  8 ironbrand convokers
  Pikel (D:3)
  A lindwurm (Lair:6)
  3 obsidian statues
  26 harpies
  6 deep elf archers
  4 wizards
  2 phantasmal warriors (Vaults:5)
  2 tengu zombies
  44 wolf spiders
  14 orc knights
  6 golden dragon skeletons
  6 shining eyes
  6 necromancers
  37 orb spiders
  A sphinx zombie (Zig:13)
  2 fire giant zombies
  A manticore (shapeshifter) (Depths:5)
  7 manticores
  2 tengu skeletons
  4 orc sorcerers
  3 sphinx skeletons
  2 orb spiders (shapeshifter)
  32 deep elf magi
  14 cyclopes
  An elephant (shapeshifter) (Zig:18)
  20 fauns
  7 elephants
  A shining eye (shapeshifter) (Depths:4)
  51 ugly things
  A faun (shapeshifter) (Depths:4)
  5 moths of wrath
  5 water nymphs
  9 merfolk sirens
  A frost giant skeleton (Zig:13)
  6 black mambas
  4 guardian serpents (Zig:20)
  A black mamba (shapeshifter) (Depths:4)
  3 fire giant skeletons
  6 torpor snails
  4 ice statues
  A centaur zombie (D:12)
  2 spiny frogs (shapeshifter)
  2 apocalypse crabs (Zig:3)
  7 eyes of devastation
  A smoke demon (Zig:14)
  9 spiny frogs
  4 naga magi
  14 vault sentinels
  5 hellions (Zig:21)
  2 gargoyles
  A komodo dragon (shapeshifter) (Vaults:4)
  3 elf skeletons
  67 yaktaurs
  2 rime drakes
  A rime drake (shapeshifter) (Depths:4)
  An elf (Depths:2)
  7 komodo dragons
  An entropy weaver simulacrum (Vaults:2)
  5 freezing wraiths
  A golden dragon simulacrum (Zig:22)
  3 ice devils
  5 red devils (Zig:21)
  4 tengu conjurers
  20 demonic crawlers
  A polar bear (shapeshifter) (D:14)
  14 guardian mummies (Zig:22)
  2 queen bees
  8 trolls
  3 wind drakes (Shoals:4)
  4 human skeletons
  2 trolls (shapeshifter)
  A sphinx simulacrum (Vaults:3)
  Prince Ribbit (D:6)
  36 merfolk
  4 tyrant leeches (Zig:15)
  39 jumping spiders
  A polar bear (Zig:7)
  A blink frog (Lair:5)
  A fire dragon zombie (Zig:2)
  58 slime creatures
  16 hornets
  2 bog bodies (Zig:15)
  5 dream sheep
  10 hippogriffs
  A blink frog (shapeshifter) (Vaults:4)
  A stone giant simulacrum (Vaults:3)
  A centaur simulacrum (D:15)
  4 snapping turtles
  12 flying skulls
  4 shadows
  A spriggan zombie (Depths:1)
  3 air elementals
  70 redbacks
  3 spriggans
  9 wraiths
  An ettin skeleton (Vaults:4)
  29 tarantellas
  20 water elementals
  3 ynoxinuls
  6 fire elementals
  A wyvern (D:14)
  6 vampires (Depths:2)
  7 ushabtiu (Zig:22)
  12 yaks
  A human (Depths:2)
  A fire bat (shapeshifter) (Depths:4)
  Grum (D:8)
  A basilisk (Lair:4)
  The ghost of Roikka the Conjurer, an amateur DrCj of Vehumet (D:4)
  6 golden eyes
  A vampire mosquito (Zig:15)
  2 hungry ghosts
  2 wargs (shapeshifter) (Vaults:3)
  9 wargs
  An insubstantial wisp (Zig:15)
  3 acid dragons
  10 water moccasins
  5 hell hounds
  A floating eye (shapeshifter) (Vaults:5)
  4 ice beasts
  4 floating eyes
  3 porcupines
  44 orc warriors
  5 sky beasts
  4 slaves
  9 eyes of draining
  2 hornet zombies
  A necrophage (D:11)
  5 phantoms
  3 swamp drakes (Zig:15)
  8 boggarts
  9 wolves
  45 ogres
  29 centaurs
  6 crocodiles
  10 big kobolds
  2 elf zombies
  15 bullfrogs
  A wyvern zombie (D:9)
  7 earth elementals
  2 wyvern skeletons (D:10)
  9 wights
  38 killer bees
  3 crimson imps
  2 quasits
  A bullfrog zombie (D:9)
  2 human zombies
  5 hounds
  5 jellies
  20 orc wizards
  14 orc priests
  7 centaur skeletons
  2 iron imps (D:14)
  7 worker ants
  5 iguanas
  2 spectral hounds (Depths:2)
  3 hound zombies
  34 mummies
  A worker ant zombie (D:11)
  A howler monkey zombie (D:5)
  13 adders
  6 gnolls
  4 shadow imps
  6 white imps (Zig:13)
  2 ufetubi
  3 adder zombies
  2 worms (D:2)
  4 dart slugs
  A leopard gecko (shapeshifter) (Vaults:5)
  4 leopard geckos
  79 orcs
  2 ball pythons
  8 bats
  5 giant cockroaches
  9 goblins
  7 hobgoblins
  9 quokkas
  6 frilled lizards
  2 goblin zombies (Ossuary)
  3 hobgoblin zombies (Ossuary)
  A jackal skeleton (D:8)
  A jackal zombie (Ossuary)
  28 kobolds
  A leopard gecko skeleton (D:6)
  11 rats
  A fire vortex (Depths:4)
  A fungus (Gauntlet)
  32 plants
  4 tentacles (Shoals:3)
2515 creatures vanquished.

Vanquished Creatures (collateral kills)
  Gastronok (Lair:3)
  3 emperor scorpions
  2 dire elephants (Lair:6)
  A hydra (Lair:4)
  2 vault guards (D:14)
  2 merfolk avatars (Shoals:1)
  A centaur warrior (D:14)
  An anaconda (Lair:6)
  4 death yaks
  An orc high priest (Orc:2)
  Sonja (D:12)
  A deep elf mage (Vaults:1)
  2 harpies (Shoals:2)
  2 orb spiders (Spider:4)
  3 wolf spiders
  3 ugly things
  2 merfolk sirens
  An elephant (Lair:6)
  A torpor snail (Spider:3)
  A water nymph (Shoals:2)
  2 black mambas (Lair:2)
  A spiny frog (Lair:5)
  A yaktaur (Vaults:3)
  A demonic crawler (Spider:1)
  2 komodo dragons
  5 merfolk
  2 jumping spiders (Spider:3)
  3 trolls
  2 blink frogs (Lair:5)
  A snapping turtle (Shoals:1)
  5 dream sheep
  2 redbacks
  A wyvern (Lair:6)
  10 yaks
  2 basilisks (Lair:2)
  A hungry ghost (D:15)
  3 wargs
  9 orc warriors
  An ettin simulacrum (Vaults:3)
  An ogre (Orc:2)
  2 boggarts (D:14)
  A centaur (Vaults:3)
  A crocodile (Lair:2)
  8 killer bees
  2 jellies
  A bullfrog skeleton (D:8)
  An iron imp (Gauntlet)
  An orc wizard (Orc:1)
  A shadow imp (D:13)
  9 orcs
  3 kobolds (D:4)
120 creatures vanquished.

Vanquished Creatures (others)
  2 deep elf blademasters (Zig:18)
  A vault warden (Vaults:5)
  2 dire elephants (Lair:6)
  A vault guard (Vaults:5)
  2 centaur warriors
  A dancing weapon (Zig:18)
  4 deep elf knights
  A shadow wraith (Vaults:3)
  A golden dragon skeleton (Zig:21)
  100 ball lightnings
  An orc knight (Vaults:1)
  A deep elf mage (Zig:18)
  A faun (Shoals:4)
  A manticore (Shoals:4)
  An elephant (Lair:6)
  A yaktaur (Vaults:1)
  A troll (D:14)
  A tarantella (Spider:4)
  A golden eye (shapeshifter) (Zig:18)
  An eye of draining (D:14)
  A howler monkey skeleton (D:4)
  An ooze (D:4)
  A frilled lizard (D:4)
  2 bushes (D:14)
  9 fungi
  24 plants
163 creatures vanquished.

Grand Total: 2798 creatures vanquished

Notes
Turn   | Place    | Note
-------+----------+-------------------------------------------
     0 | D:1      | KleinerIrrer the Demonspawn Air Elementalist began the
                  | quest for the Orb.
     0 | D:1      | Reached XP level 1. HP: 13/13 MP: 3/3
   406 | D:1      | Reached skill level 3 in Air Magic
   484 | D:1      | Gained mutation: You have sharp fingernails. [demonic
                  | ancestry]
   484 | D:1      | Reached XP level 2. HP: 19/20 MP: 0/5
   600 | D:1      | Learned a level 2 spell: Swiftness
   865 | D:1      | Reached skill level 1 in Fighting
  1494 | D:2      | Gained mutation: You are partially covered in molten
                  | scales. (AC +2) [demonic ancestry]
  1494 | D:2      | Reached XP level 3. HP: 26/26 MP: 0/6
  1571 | D:2      | You fall into a shaft and drop 2 floors!
  1571 | D:4      | Found a transporter.
  1591 | D:4      | Found a transporter.
  1598 | D:4      | Found a hazy altar of Hepliaklqana.
  1644 | D:3      | HP: 1/26 [orc wizard/+2 dagger of electrocution (20)]
  1710 | D:3      | Reached XP level 4. HP: 30/33 MP: 2/7
  2152 | D:2      | Reached skill level 4 in Air Magic
  2210 | D:2      | Learned a level 4 spell: Airstrike
  2220 | D:2      | Found a faded altar of an unknown god.
  2631 | D:2      | Reached XP level 5. HP: 38/38 MP: 5/8
  3544 | D:3      | Found a stormy altar of Qazlal.
  3735 | D:3      | Found a hide-covered altar of Uskayaw.
  3971 | D:4      | Noticed a slave
  3971 | D:4      | Noticed a slave
  3972 | D:4      | Noticed Pikel
  3973 | D:4      | Noticed a slave
  4122 | D:4      | Noticed a slave
  4309 | D:3      | Reached XP level 6. HP: 41/44 MP: 3/10
  4371 | D:4      | Reached skill level 5 in Air Magic
  4445 | D:4      | Killed a slave
  4485 | D:4      | Killed a slave
  4802 | D:4      | Found a runed translucent gate.
  4803 | D:4      | Found a runed translucent gate.
  4803 | D:4      | Noticed Roikka's ghost (amateur DrCj)
  4804 | D:4      | Found a runed translucent gate.
  4867 | D:4      | Killed a slave
  5084 | D:3      | Killed a slave
  5362 | D:3      | Killed Pikel
  5362 | D:3      | Reached skill level 6 in Air Magic
  5362 | D:3      | Reached XP level 7. HP: 50/51 MP: 0/13
  5486 | D:5      | Entered Level 5 of the Dungeon
  5531 | D:5      | Found Sazaneinn's Book Boutique.
  5540 | D:5      | Found Bidib's Antique Armour Emporium.
  5639 | D:5      | Found an ancient bone altar of Kikubaaqudgha.
  5774 | D:5      | Found a stormy altar of Qazlal.
  5822 | D:5      | Reached skill level 5 in Spellcasting
  5822 | D:5      | Gained mutation: You are immune to rotting. [demonic
                  | ancestry]
  5822 | D:5      | Reached XP level 8. HP: 45/57 MP: 2/15
  5956 | D:5      | Found a sand-covered staircase.
  5962 | Ossuary  | Entered an ossuary
  6288 | D:5      | Found Nil Seto's Distillery.
  6294 | D:5      | Found Woruext's Gadget Shop.
  6652 | D:5      | Reached skill level 7 in Air Magic
  6778 | D:5      | Bought a potion of heal wounds for 55 gold pieces
  6778 | D:5      | Bought a potion of haste for 110 gold pieces
  6778 | D:5      | Bought a potion of curing for 33 gold pieces
  6778 | D:5      | Bought a potion of haste for 110 gold pieces
  7672 | D:6      | Found a white marble altar of Elyvilon.
  7714 | D:6      | Noticed Prince Ribbit
  7720 | D:6      | Killed Prince Ribbit
  7720 | D:6      | Gained mutation: You are slightly more attuned to the
                  | shadows. [demonic ancestry]
  7720 | D:6      | Reached XP level 9. HP: 62/62 MP: 0/19
  8060 | D:6      | Found a staircase to the Ecumenical Temple.
  8150 | Temple   | Entered the Ecumenical Temple
  8536 | D:6      | Reached skill level 8 in Air Magic
  8824 | D:6      | Found a sparkling altar of Nemelex Xobeh.
  8865 | D:6      | Found an opulent altar of Gozag.
  9300 | D:7      | Found a white marble altar of Elyvilon.
  9617 | D:7      | Found an ornate altar of the Wu Jian Council.
  9750 | D:7      | Noticed a troll
  9846 | D:7      | Found a shattered altar of Ashenzari.
  9846 | D:7      | Found a radiant altar of Vehumet.
  9850 | D:7      | Became a worshipper of Vehumet
 10231 | D:7      | Killed a troll
 10409 | D:7      | Reached skill level 9 in Air Magic
 10560 | D:8      | Found a staircase to the Lair.
 10955 | D:8      | Noticed Grum
 11101 | D:7      | Learned a level 4 spell: Summon Lightning Spire
 11107 | D:7      | Learned a level 5 spell: Lightning Bolt
 11328 | D:8      | Killed Grum
 11707 | D:9      | Gained mutation: You are significantly more attuned to the
                  | shadows. [demonic ancestry]
 11707 | D:9      | Reached XP level 10. HP: 73/73 MP: 9/22
 12101 | D:9      | Got a faintly humming leather armour
 12102 | D:9      | Identified the +3 leather armour of Ruckos {rN++ Str-5
                  | Slay+3} (You found it on level 9 of the Dungeon)
 12770 | D:9      | Got a twisted scale mail
 13089 | D:9      | Reached * piety under Vehumet
 13089 | D:9      | Offered knowledge of Freeze by Vehumet.
 13273 | D:10     | Entered Level 10 of the Dungeon
 13439 | D:10     | Reached skill level 10 in Air Magic
 13518 | D:10     | Learned a level 3 spell: Mephitic Cloud
 13635 | D:10     | Reached skill level 5 in Fighting
 13998 | D:10     | Noticed a two-headed ogre
 14640 | D:10     | Got a twisted ring mail
 15372 | D:10     | Killed a two-headed ogre
 15556 | D:10     | Offered knowledge of Magic Dart by Vehumet.
 15557 | D:10     | Reached ** piety under Vehumet
 15749 | Lair:1   | Entered Level 1 of the Lair of Beasts
 15993 | Lair:1   | Reached XP level 11. HP: 71/81 MP: 6/24
 16219 | Lair:1   | Reached skill level 11 in Air Magic
 17145 | Lair:2   | Found a gate leading to a gauntlet.
 17155 | Gauntlet | Entered a Gauntlet
 17155 | Gauntlet | Found a transporter.
 17155 | Gauntlet | Found a runed translucent door.
 17156 | Gauntlet | Found a runed translucent door.
 17164 | Gauntlet | Found a transporter.
 17166 | Gauntlet | Found a transporter.
 17181 | Gauntlet | Found a transporter.
 17183 | Gauntlet | Found a transporter.
 17188 | Gauntlet | Found a runed translucent door.
 17193 | Gauntlet | Found a transporter.
 17200 | Gauntlet | Found a runed translucent door.
 17209 | Gauntlet | Found a transporter.
 17212 | Gauntlet | Noticed an orange crystal statue
 17216 | Gauntlet | Noticed a fire crab
 17219 | Gauntlet | Found a transporter.
 17226 | Gauntlet | Noticed a death scarab
 17226 | Gauntlet | Noticed a death scarab
 17229 | Gauntlet | Found a transporter.
 17243 | Gauntlet | Found a transporter.
 17265 | Gauntlet | Found a transporter.
 17267 | Gauntlet | Found a transporter.
 17328 | Gauntlet | Found a transporter.
 17534 | Gauntlet | Reached skill level 10 in Spellcasting
 17537 | Gauntlet | Found a transporter.
 17752 | Gauntlet | Noticed a death ooze
 17787 | Gauntlet | Got a distressingly furry cloak
 17925 | Gauntlet | Identified the +0 cloak of Gravitas {rElec rN+ MR+ Stlth+}
                  | (You found it in a Gauntlet)
 17945 | Gauntlet | Noticed a minotaur
 18305 | Lair:2   | Upgraded the game from 0.25-a0-41-g6cf4ce537d to
                  | 0.25-a0-42-g6c54e25894
 18546 | Lair:2   | Found a hole to the Spider Nest.
 19657 | Lair:3   | Found a staircase to the Shoals.
 20104 | Lair:3   | Noticed Gastronok
 20127 | Lair:3   | Killed Gastronok
 20692 | Lair:4   | Reached skill level 12 in Air Magic
 21060 | Lair:4   | Noticed a six-headed hydra
 21065 | Lair:4   | Killed a six-headed hydra
 21662 | Lair:5   | Found the +6 Majin-Bo {vamp, Archmagi MP+6 Int+6}
 21720 | Lair:5   | Noticed a death yak
 21720 | Lair:5   | Noticed a death yak
 21964 | Lair:5   | Found a dark tunnel.
 21969 | Volcano  | Entered a volcano
 21987 | Volcano  | Noticed an ogre mage
 21994 | Volcano  | Killed an ogre mage
 21994 | Volcano  | Gained mutation: You may emit foul miasma when damaged in
                  | melee. [demonic ancestry]
 21994 | Volcano  | Reached XP level 12. HP: 91/91 MP: 7/26
 22150 | Volcano  | Noticed a two-headed ogre
 22157 | Volcano  | Killed a two-headed ogre
 22176 | Volcano  | Noticed a two-headed ogre
 22178 | Volcano  | Noticed a two-headed ogre
 22179 | Volcano  | Noticed a two-headed ogre
 22181 | Volcano  | Killed a two-headed ogre
 22197 | Volcano  | Killed a two-headed ogre
 22197 | Volcano  | Offered knowledge of Dazzling Spray by Vehumet.
 22266 | Volcano  | Noticed a two-headed ogre
 22270 | Volcano  | Killed a two-headed ogre
 22386 | Volcano  | Killed a two-headed ogre
 22387 | Volcano  | Noticed a two-headed ogre
 22405 | Volcano  | Killed a two-headed ogre
 22405 | Volcano  | Reached skill level 13 in Air Magic
 22686 | Volcano  | Found a bloodstained altar of Trog.
 23266 | Lair:5   | Killed a death yak
 23271 | Lair:5   | Noticed a death yak
 23381 | Lair:5   | Learned a level 3 spell: Static Discharge
 23431 | Lair:5   | Reached *** piety under Vehumet
 23439 | Lair:5   | Killed a death yak
 23658 | Lair:5   | Killed a death yak
 23913 | Lair:5   | Learned a level 3 spell: Summon Guardian Golem
 24156 | D:11     | Found a transporter.
 24157 | D:11     | Found a transporter.
 24157 | D:11     | Noticed Linguinho's ghost (journeyman TrFi)
 24316 | D:4      | Killed Roikka's ghost
 24584 | D:11     | Noticed a tengu warrior
 24624 | D:11     | Found a hazy altar of Hepliaklqana.
 24854 | D:11     | Found a staircase to the Orcish Mines.
 25006 | D:11     | Identified the +1 scale mail of Ziqeixy {Int+4} (You found
                  | it on level 9 of the Dungeon)
 25150 | D:11     | Offered knowledge of Conjure Flame by Vehumet.
 25586 | Orc:1    | Entered Level 1 of the Orcish Mines
 25586 | Orc:1    | Found a roughly hewn altar of Beogh.
 25923 | Orc:2    | Entered Level 2 of the Orcish Mines
 26006 | Orc:2    | Noticed an orc warlord
 26551 | Lair:6   | Entered Level 6 of the Lair of Beasts
 26728 | D:5      | Bought the Catalogue of Cloudy Evil for 819 gold pieces
 26732 | D:5      | Learned a level 3 spell: Conjure Flame
 26801 | D:5      | Bought a wand of acid (5) for 216 gold pieces
 27244 | Lair:6   | Noticed a death yak
 27244 | Lair:6   | Noticed a death yak
 27386 | Lair:6   | Noticed a death yak
 27644 | Lair:6   | Noticed a death yak
 27955 | Lair:5   | Killed a death yak
 28216 | Lair:5   | Killed a death yak
 28216 | Lair:5   | Reached skill level 14 in Air Magic
 28216 | Lair:5   | Reached XP level 13. HP: 78/98 MP: 3/28
 28577 | Lair:6   | Reached **** piety under Vehumet
 29544 | Lair:6   | Found a staircase to the Slime Pits.
 30027 | Lair:6   | Identified the +5 ring mail of Locy {*Corrode rElec Int+2
                  | SInv} (You found it on level 10 of the Dungeon)
 30115 | Lair:6   | Offered knowledge of Fireball by Vehumet.
 31347 | Lair:6   | Noticed a dire elephant
 31353 | Lair:6   | Killed a dire elephant
 31507 | Lair:6   | Noticed a dire elephant
 31507 | Lair:6   | Noticed a dire elephant
 31522 | Lair:6   | Noticed a dire elephant
 31538 | Lair:6   | Killed a dire elephant
 31562 | Lair:6   | Noticed a dire elephant
 31821 | Lair:6   | Killed a dire elephant
 32132 | Lair:6   | Killed a dire elephant
 32132 | Lair:6   | Reached skill level 15 in Air Magic
 32320 | Lair:6   | Noticed a dire elephant
 32330 | Lair:6   | Killed a dire elephant
 32865 | Orc:1    | Killed an orc warlord
 34369 | Orc:2    | Noticed Rupert
 34372 | Orc:2    | Killed Rupert
 34372 | Orc:2    | Reached XP level 14. HP: 94/108 MP: 20/31
 34549 | Orc:2    | Found Mygivete's General Store.
 35142 | Orc:2    | Found a staircase to the Elven Halls.
 35144 | Orc:2    | Found Issog's Antique Weapon Boutique.
 35231 | Orc:2    | Found Hotito's Antique Armour Shop.
 35289 | Orc:2    | Bought a buckler for 135 gold pieces
 35312 | Orc:2    | Found Plog's Jewellery Boutique.
 35444 | Orc:1    | Reached ***** piety under Vehumet
 35444 | Orc:1    | Offered knowledge of Fulminant Prism by Vehumet.
 36150 | Orc:1    | Found a roughly hewn altar of Beogh.
 36528 | D:12     | Reached skill level 1 in Shields
 37134 | D:12     | You fall into a shaft and drop 3 floors!
 37134 | D:15     | Entered Level 15 of the Dungeon
 37570 | D:15     | Noticed Azrael
 37631 | D:15     | Killed Azrael
 38334 | D:15     | Reached skill level 16 in Air Magic
 38899 | D:15     | Found a staircase to the Depths.
 39918 | D:12     | Noticed Sonja
 39936 | D:12     | Killed Sonja
 40995 | D:13     | Noticed Erolcha
 41156 | D:13     | Killed Erolcha
 41528 | D:13     | Offered knowledge of Throw Icicle by Vehumet.
 41770 | Orc:2    | Bought the ring "Hinwol" {+Inv rPois rC+ Dex+2 SInv} for
                  | 670 gold pieces
 42327 | D:13     | Reached skill level 5 in Dodging
 42327 | D:13     | Gained mutation: You are mostly covered in molten scales.
                  | (AC +3) [demonic ancestry]
 42327 | D:13     | Reached XP level 15. HP: 74/115 MP: 3/32
 43087 | D:14     | Reached skill level 10 in Fighting
 43421 | D:14     | Noticed Snorg
 43435 | D:13     | Killed Snorg
 43640 | D:14     | Found a gate to the Vaults.
 44863 | D:14     | Identified the cursed +1 leather armour of Yvven {rPois
                  | Str-3 Int+5 Stlth+}
 45352 | Shoals:1 | Entered Level 1 of the Shoals
 45559 | Shoals:1 | Identified the cursed +0 ring mail of Kelais {Str+5 Dex-2}
 45566 | Shoals:1 | Reached skill level 17 in Air Magic
 45873 | Shoals:1 | Found Owau's General Store.
 45902 | Shoals:1 | Found a frozen archway.
 46278 | Shoals:1 | Bought a potion of curing for 45 gold pieces
 47504 | Shoals:2 | Noticed Ilsuiw
 47888 | Shoals:2 | Identified Roxanne's Disquisition on the Mountains
 47888 | Shoals:2 | Noticed Roxanne
 48166 | Shoals:2 | Noticed Aizul
 48550 | Elf:1    | Entered Level 1 of the Elven Halls
 49249 | Elf:1    | Noticed a deep elf sorcerer
 49615 | Spider:1 | Entered Level 1 of the Spider Nest
 49829 | Lair:2   | Learned a level 9 spell: Tornado
 51587 | Spider:1 | Offered knowledge of Freezing Cloud by Vehumet.
 51595 | Spider:1 | Learned a level 6 spell: Freezing Cloud
 52624 | Spider:2 | Reached XP level 16. HP: 122/123 MP: 34/34
 52927 | Spider:2 | Reached skill level 18 in Air Magic
 54621 | Spider:3 | Reached skill level 15 in Spellcasting
 56454 | Spider:4 | Entered Level 4 of the Spider Nest
 58390 | Spider:4 | Offered knowledge of Bolt of Fire by Vehumet.
 60404 | Spider:4 | Reached skill level 19 in Air Magic
 63254 | Spider:4 | Gained mutation: You frequently emit foul miasma when
                  | damaged in melee. [demonic ancestry]
 63254 | Spider:4 | Reached XP level 17. HP: 111/129 MP: 11/36
 63479 | Spider:4 | Got a gossamer rune of Zot
 63795 | Vaults:1 | Entered Level 1 of the Vaults
 64944 | Vaults:1 | Reached skill level 20 in Air Magic
 64954 | Vaults:1 | Offered knowledge of Conjure Ball Lightning by Vehumet.
 66016 | Shoals:2 | Killed Aizul
 66518 | Shoals:2 | Found Nykounown's Weapon Emporium.
 66767 | Shoals:2 | Found a runed translucent door.
 67651 | Shoals:2 | Learned a level 6 spell: Conjure Ball Lightning
 68824 | Shoals:2 | Killed Ilsuiw
 69341 | Shoals:2 | Killed Roxanne
 70290 | Shoals:3 | Noticed a kraken
 70708 | Shoals:3 | Killed a kraken
 70708 | Shoals:3 | Gained mutation: You are robust. (+10% HP) [demonic
                  | ancestry]
 70708 | Shoals:3 | Reached XP level 18. HP: 101/149 MP: 29/38
 70880 | Shoals:4 | Entered Level 4 of the Shoals
 70902 | Shoals:4 | Reached skill level 21 in Air Magic
 71743 | Shoals:4 | Found Ogushreri's Antique Weapon Shoppe.
 71789 | Shoals:4 | Found Muvoihiehu's Jewellery Boutique.
 71792 | Shoals:4 | Bought the amulet "Guzoel" {Acrobat +Blink rElec Int+4} for
                  | 712 gold pieces
 71840 | Shoals:4 | Found Keluul's Distillery.
 72238 | Shoals:4 | Reached skill level 1 in Evocations
 72407 | Shoals:4 | Offered knowledge of Bolt of Cold by Vehumet.
 72618 | Shoals:4 | Identified the Reference Book on Evil Rites and Attacks
 72774 | Shoals:4 | Got a barnacled rune of Zot
 75159 | Vaults:2 | Found a magical portal.
 75345 | WizLab   | Found the +9 staff of Wucad Mu {channel}
 75398 | WizLab   | Gained mutation: You are completely covered in molten
                  | scales. (AC +4, rF+) [demonic ancestry]
 75398 | WizLab   | Reached XP level 19. HP: 160/160 MP: 40/40
 75970 | Vaults:2 | Reached XP level 20. HP: 130/169 MP: 37/41
 76245 | Vaults:2 | Offered knowledge of Orb of Destruction by Vehumet.
 76790 | Vaults:2 | Found a staircase to the Crypt.
 78208 | Vaults:3 | Reached skill level 22 in Air Magic
 79044 | Vaults:3 | Reached ****** piety under Vehumet
 79428 | Vaults:3 | Offered knowledge of Lehudib's Crystal Spear by Vehumet.
 79428 | Vaults:3 | Offered knowledge of Glaciate by Vehumet.
 79428 | Vaults:3 | Offered knowledge of Chain Lightning by Vehumet.
 79440 | Vaults:3 | Learned a level 8 spell: Chain Lightning
 79806 | Vaults:3 | Got a pair of transparent boots
 79840 | Vaults:3 | Identified the +2 pair of boots of Zamul {*Slow rElec
                  | Regen+ Stlth+} (You found it on level 3 of the Vaults)
 80825 | Vaults:4 | Noticed Xtahua
 80831 | Vaults:4 | Killed Xtahua
 81180 | Vaults:4 | Gained mutation: You have very sharp fingernails. [demonic
                  | ancestry]
 81180 | Vaults:4 | Reached XP level 21. HP: 179/182 MP: 43/43
 81472 | Vaults:4 | Reached skill level 5 in Shields
 81874 | Vaults:4 | Reached skill level 15 in Fighting
 82320 | Vaults:5 | Entered Level 5 of the Vaults
 82632 | Vaults:5 | Reached skill level 23 in Air Magic
 83525 | Depths:1 | Entered Level 1 of the Depths
 83659 | Depths:1 | Found a runed translucent door.
 83831 | Depths:1 | Found a gateway to Hell.
 83857 | Depths:1 | Learned a level 2 spell: Shroud of Golubria
 83861 | Depths:1 | Learned a level 3 spell: Regeneration
 83894 | Depths:1 | Reached XP level 22. HP: 195/195 MP: 36/45
 84440 | Depths:2 | Reached skill level 1 in Armour
 85747 | Depths:2 | Found a roughly hewn altar of Beogh.
 85906 | Depths:2 | Found The Legendary Fikhleuki's Legendary Smithy.
 85937 | Depths:2 | Found Gasietum's Miraculous Elixirs.
 85954 | Depths:2 | Found Jack's Jerk-a-riffic Jerky.
 86178 | Depths:2 | Found Yvosch's Slaves and Accessories.
 86814 | Depths:2 | Found a burning altar of Makhleb.
 87547 | Depths:3 | Reached XP level 23. HP: 187/204 MP: 41/47
 87981 | Depths:3 | Found a one-way gate leading to the halls of Pandemonium.
 88050 | Depths:3 | Found a one-way gate to the infinite horrors of the Abyss.
 88293 | Depths:4 | Learned a level 6 spell: Statue Form
 88406 | Depths:4 | Reached skill level 5 in Armour
 88947 | Depths:4 | Reached skill level 1 in Transmutations
 89308 | Depths:4 | Found a runed translucent door.
 89524 | Depths:4 | Noticed a juggernaut
 89940 | Depths:4 | Reached skill level 24 in Air Magic
 90139 | Depths:4 | Paralysed by a floating eye for 2 turns
 90146 | Depths:4 | Killed a juggernaut
 90166 | Depths:4 | Identified the +7 quarterstaff of Day {flame, rF+ Stlth+}
 90997 | Depths:4 | Reached skill level 5 in Transmutations
 91201 | Depths:4 | Gained mutation: You have claws for hands. [demonic
                  | ancestry]
 91201 | Depths:4 | Reached XP level 24. HP: 207/214 MP: 28/47
 91314 | Depths:5 | Entered Level 5 of the Depths
 91745 | Depths:5 | Noticed Frederick
 91752 | Depths:5 | Killed Frederick
 91897 | Depths:5 | Found a gateway to a ziggurat.
 91961 | Depths:5 | Noticed Boris
 91977 | Depths:5 | Killed Boris
 92885 | Depths:5 | Found a gate to the Realm of Zot.
 92909 | Depths:5 | Reached skill level 10 in Transmutations
 94685 | Vaults:5 | Noticed an ancient lich
 94695 | Vaults:4 | Killed an ancient lich
 95085 | Vaults:5 | Noticed Saint Roka
 95097 | Vaults:5 | Killed Saint Roka
 95106 | Vaults:5 | Identified the amulet "Mimith" {Reflect Str+2 SH+4}
 95136 | Vaults:5 | Gained mutation: You are very robust. (+20% HP) [demonic
                  | ancestry]
 95136 | Vaults:5 | Reached XP level 25. HP: 178/242 MP: 36/47
 95401 | Vaults:5 | Noticed Mennas
 95412 | Vaults:5 | Killed Mennas
 95496 | Vaults:5 | Found Votynowu's Food Boutique.
 95502 | Vaults:5 | Found the ring of the Mage {Wiz MR++ Int+3}
 95550 | Vaults:5 | Reached skill level 10 in Dodging
 95556 | Vaults:5 | Noticed Bai Suzhen
 95566 | Vaults:5 | Killed Bai Suzhen
 95663 | Vaults:5 | Got a blackened shield
 95664 | Vaults:5 | Identified the +0 shield "Veevirch" {Str+5} (You found it
                  | on level 5 of the Vaults)
 96174 | Vaults:5 | Got a silver rune of Zot
 96197 | Vaults:5 | Got a pitted bronze ring
 96198 | Vaults:5 | Identified the cursed ring "Bupsyabi" {rN+ AC-2} (You found
                  | it on level 5 of the Vaults)
 96800 | D:11     | Killed Linguinho's ghost
 97059 | Shoals:4 | Bought a potion of invisibility for 136 gold pieces
 97059 | Shoals:4 | Bought a potion of invisibility for 136 gold pieces
 97059 | Shoals:4 | Bought a potion of curing for 51 gold pieces
 97059 | Shoals:4 | Bought a potion of ambrosia for 136 gold pieces
 97059 | Shoals:4 | Bought a potion of brilliance for 68 gold pieces
 97059 | Shoals:4 | Bought a potion of brilliance for 68 gold pieces
 97059 | Shoals:4 | Bought a potion of heal wounds for 85 gold pieces
 97059 | Shoals:4 | Bought a potion of mutation for 136 gold pieces
 97059 | Shoals:4 | Bought a potion of experience for 850 gold pieces
 97059 | Shoals:4 | Bought a potion of brilliance for 68 gold pieces
 97059 | Shoals:4 | Gained mutation: You are completely attuned to the shadows.
                  | [demonic ancestry]
 97059 | Shoals:4 | Reached XP level 26. HP: 250/250 MP: 47/47
 97518 | Zig:1    | Entered Level 1 of a ziggurat
 97521 | Zig:1    | Noticed Bowkef the pandemonium lord
 97531 | Zig:1    | Killed Bowkef the pandemonium lord
 97576 | Zig:2    | Entered Level 2 of a ziggurat
 97607 | Zig:3    | Entered Level 3 of a ziggurat
 97622 | Zig:3    | Got tiger eye-encrusted fire dragon scales
 97623 | Zig:3    | Identified the cursed +1 fire dragon scales "Rumo" {rF++
                  | rC- Int+9} (You found it on level 3 of a ziggurat)
 97627 | Zig:4    | Entered Level 4 of a ziggurat
 97668 | Zig:5    | Entered Level 5 of a ziggurat
 97719 | Zig:5    | Reached skill level 15 in Transmutations
 97719 | Zig:5    | Gained mutation: You are extremely robust. (+30% HP)
                  | [demonic ancestry]
 97719 | Zig:5    | Reached XP level 27. HP: 250/279 MP: 47/47
 97727 | Zig:5    | Got an ancient amethyst amulet
 97728 | Zig:5    | Identified the amulet "Paext" {Harm *Drain Str+3} (You
                  | found it on level 5 of a ziggurat)
 97772 | Zig:6    | Entered Level 6 of a ziggurat
 97781 | Zig:6    | Identified a scroll of acquirement
 97782 | Zig:6    | Found the amulet of the Four Winds {rN+ MR+++ Clar}
 97785 | Zig:6    | Identified the Disquisition on the Creative Glacier
 97791 | Zig:6    | Identified the Tome of Frigorific Arcane Weapons (You
                  | acquired it on level 6 of a ziggurat)
 97794 | Zig:6    | Got a bound copper ring
 97795 | Zig:6    | Identified the ring of Kuzut {-Tele +Fly rC++ Int+4} (You
                  | found it on level 6 of a ziggurat)
 97804 | Zig:7    | Entered Level 7 of a ziggurat
 97882 | Zig:8    | Entered Level 8 of a ziggurat
 98098 | Zig:9    | Entered Level 9 of a ziggurat
 98109 | Zig:9    | Noticed a juggernaut
 98111 | Zig:9    | Noticed a juggernaut
 98115 | Zig:9    | Killed a juggernaut
 98115 | Zig:9    | Killed a juggernaut
 98115 | Zig:9    | Reached skill level 10 in Shields
 98137 | Zig:9    | Got a brightly glowing diamond amulet
 98138 | Zig:9    | Identified the amulet "Ujeklag" {-Tele Fragile rElec rN+++
                  | Regen+} (You found it on level 9 of a ziggurat)
 98148 | Zig:9    | Identified the amulet "Luklaagg" {Inacc rF+ rC+ SInv} (You
                  | found it on level 9 of a ziggurat)
 98170 | Zig:10   | Entered Level 10 of a ziggurat
 98225 | Zig:10   | Found the +10 large shield of Ignorance {rN+ Int-4}
 98239 | Zig:10   | Got a heavily runed turquoise ring
 98240 | Zig:10   | Identified the ring of Zytwo {Ice Dex+3} (You found it on
                  | level 10 of a ziggurat)
 98245 | Zig:10   | Got a sparkling marble ring
 98246 | Zig:10   | Identified the ring of the Sun {*Corrode rF+ rN+ MR+ Int+5}
                  | (You found it on level 10 of a ziggurat)
 98263 | Zig:11   | Entered Level 11 of a ziggurat
 98284 | Zig:11   | Reached skill level 25 in Air Magic
 98343 | Zig:11   | Got a bound pewter ring
 98344 | Zig:11   | Identified the ring of Votruma {rPois Int+4} (You found it
                  | on level 11 of a ziggurat)
 98386 | Zig:12   | Entered Level 12 of a ziggurat
 98502 | Zig:13   | Entered Level 13 of a ziggurat
 98544 | Zig:13   | Reached skill level 10 in Stealth
 98579 | Zig:14   | Entered Level 14 of a ziggurat
 98614 | Zig:14   | Noticed Otreatahet the pandemonium lord
 98620 | Zig:14   | Killed Otreatahet the pandemonium lord
 98836 | Zig:15   | Entered Level 15 of a ziggurat
 98920 | Zig:16   | Entered Level 16 of a ziggurat
 99034 | Zig:16   | Identified the +1 robe of Roopufe {Str+2 Dex+2} (You found
                  | it on level 16 of a ziggurat)
 99059 | Zig:17   | Entered Level 17 of a ziggurat
 99093 | Zig:17   | Reached skill level 15 in Dodging
 99097 | Zig:17   | Noticed an ancient lich
 99100 | Zig:17   | Noticed an ancient lich
 99103 | Zig:17   | Killed an ancient lich
 99104 | Zig:17   | Killed an ancient lich
 99150 | Zig:17   | Found the ring of the Octopus King
 99163 | Zig:17   | Identified the ring "Ehyudias" {rElec rN+ MR+} (You found
                  | it on level 17 of a ziggurat)
 99173 | Zig:17   | Identified the ring of Ezuekk {Ice rPois Str+3 Int-3 Dex+4}
                  | (You found it on level 17 of a ziggurat)
 99196 | Zig:18   | Entered Level 18 of a ziggurat
 99409 | Zig:18   | Learned a level 4 spell: Passage of Golubria
 99489 | Zig:19   | Entered Level 19 of a ziggurat
 99506 | Zig:19   | Reached skill level 1 in Ice Magic
 99508 | Zig:19   | Gained mutation: Scrolls take you a little longer to read.
                  | [a shining eye]
 99531 | Zig:19   | Lost mutation: Scrolls take you a little longer to read.
                  | [potion of mutation]
 99531 | Zig:19   | Gained mutation: You have a pair of small antennae on your
                  | head. [potion of mutation]
 99531 | Zig:19   | Gained mutation: Your flesh is cold resistant. (rC+)
                  | [potion of mutation]
 99531 | Zig:19   | Gained mutation: Your flesh is heat resistant. (rF+)
                  | [potion of mutation]
 99616 | Zig:19   | Found the +8 whip "Snakebite" {curare, rPois}
 99617 | Zig:19   | Found the cursed necklace of Bloodlust {*Rage +Rage MR++
                  | Int-3 Slay+6 *Curse}
 99633 | Zig:19   | Identified the ring "Mubrenote" {Ice Str+2} (You found it
                  | on level 19 of a ziggurat)
 99667 | Zig:20   | Entered Level 20 of a ziggurat
 99703 | Zig:20   | Reached skill level 5 in Conjurations
 99706 | Zig:20   | Reached skill level 5 in Ice Magic
 99753 | Zig:20   | Got a flickering glass ring
 99754 | Zig:20   | Identified the ring of Wyskuom {+Fly rN+ Int+2 Dex+4} (You
                  | found it on level 20 of a ziggurat)
 99921 | Zig:21   | Entered Level 21 of a ziggurat
 99955 | Zig:21   | Reached skill level 15 in Shields
100303 | Zig:21   | Found the +4 dagger "Morg" {pain, MR+ Int+5}
100327 | Zig:22   | Entered Level 22 of a ziggurat
100391 | Zig:22   | Noticed a greater mummy
100393 | Zig:22   | Noticed a greater mummy
100394 | Zig:22   | Noticed a greater mummy
100397 | Zig:22   | Killed a greater mummy
100400 | Zig:22   | Killed a greater mummy
100405 | Zig:22   | Noticed a greater mummy
100406 | Zig:22   | Killed a greater mummy
100408 | Zig:22   | Noticed a greater mummy
100416 | Zig:22   | Killed a greater mummy
100418 | Zig:22   | Reached skill level 10 in Conjurations
100418 | Zig:22   | Killed a greater mummy
100421 | Zig:22   | Noticed a greater mummy
100429 | Zig:22   | Killed a greater mummy
100438 | Zig:22   | Reached skill level 10 in Ice Magic
100839 | Zig:22   | Found the +4 robe of Augmentation {Str+4 Int+4 Dex+4}
100943 | Zig:23   | Entered Level 23 of a ziggurat
101185 | Zig:23   | Got a coiled bronze ring
101189 | Zig:23   | Identified the ring of Cipnaeq {Fire rN+ SInv} (You found
                  | it on level 23 of a ziggurat)
101190 | Zig:23   | Identified the ring of Yzxirro {*Slow rC+ MR+ Dex+9} (You
                  | found it on level 23 of a ziggurat)
101209 | Zig:24   | Entered Level 24 of a ziggurat
101291 | Zig:24   | HP: 16/366 [daeva/divine providence (17)]
101293 | Zig:24   | Mangled by a daeva

Levels and vault maps discovered:
D:1:      minmay_arrival_stone_box, layout_basic, minmay_pentomino_z4
D:2:      layout_basic, chequers_ecumenical_altar_simple
D:3:      layout_rooms, lemuel_doored_altar, kennysheep_cross_bottleneck,
          lemuel_statue_altar
D:4:      gammafunk_steamed_eel, layout_rooms, lemuel_crystal_altar,
          gammafunk_ghost_nasty_kobolds, lemuel_old_faithful, uniq_pikel
D:5:      layout_basic, lemuel_round_altar, first_ration, serial_bayou,
          serial_bayou_lagoon_a, serial_bayou_crossing, serial_bayou_pond_c,
          serial_bayou_lagoon_b, gup_ossuary_entry_pyramid, basic_altar,
          serial_shops, nicolae_shop_behind_doors, nicolae_shop_behind_doors,
          nicolae_shop_crystal, shop
D:6:      layout_basic, grunt_temple_overflow_opulence, kennysheep_mini_moat,
          minmay_temple_entry_junction_2, kennysheep_boxes, uniq_prince_ribbit1
D:7:      layout_loops_ring, kennysheep_mini, gammafunk_temple_overflow_wave,
          serial_co_window_serial, co_window_corner_a, co_window_paths_a,
          co_window_paths_a, co_window_paths_b, co_window_paths_b,
          co_window_unsneaky_path_c, co_window_paths_c, co_window_broadway_c,
          co_window_corner_ca, co_window_corner_b, co_window_broadway_a,
          co_window_paths_e, glass_columns_c, glass_columns_b, basic_altar
D:8:      layout_loops_ring, dpeg_oklobed_lair, uniq_grum
D:9:      layout_loops_cross, serial_rivers, chequers_serial_rivers_small_b,
          chequers_serial_rivers_room_b, chequers_serial_rivers_small_3,
          chequers_serial_rivers_large_b, chequers_serial_rivers_micro_c
D:10:     layout_loops_ring, special_room [special_room_bee], the_bakery
D:11:     layout_roguey, david_orc_1_choice, gammafunk_ghost_arena, basic_altar,
          minmay_statue_bubble
D:12:     layout_basic, uniq_sonja
D:13:     layout_small_grid, uniq_erolcha
D:14:     kennysheep_kobold_grotto, layout_rooms,
          lightli_vaults_fourway_checkpoint, nicolae_water_bricks, uniq_snorg
D:15:     hangedman_depths_entry_civil_slaughter, layout_basic,
          hangedman_decor_slide_cut, uniq_azrael
Temple:   nicolae_temple_figure_eight
Lair:1:   layout_cave_pods
Lair:2:   layout_small_grid, spider_nest_entry_web_field,
          gauntlet_entry_generic, lemuel_fruit_tree
Lair:3:   layout_cave_pods, minmay_shoals_entry_lonely_mermaid,
          grunt_megastairs_2, uniq_gastronok
Lair:4:   layout_big_grid
Lair:5:   layout_big_grid, enter_volcano_4
Lair:6:   due_jungle_book, layout_cave_pods, minmay_slime_entry_pillars,
          grunt_megastairs_5
Shoals:1: layout_shoals, portal_ice_cave_entry_ice_statue_one, serial_shops,
          nicolae_shop_stone
Shoals:2: layout_shoals, serial_shops, nicolae_shop_stone, lightli_airlock,
          uniq_aizul, uniq_roxanne, uniq_ilsuiw
Shoals:3: layout_shoals
Shoals:4: shoals_end_hangedman, layout_shoals, serial_shops, nicolae_shop_trees,
          nicolae_shop_statue_plus, nicolae_shop_behind_doors,
          nicolae_shop_statue_plus
Spider:1: layout_chambers
Spider:2: layout_spider_delve
Spider:3: layout_spider_delve
Spider:4: grunt_spider_rune_island, hangedman_stitches_earthworm
Orc:1:    layout_caves, basic_altar, mines2_david
Orc:2:    grunt_orc_gardens, layout_caves, grunt_orc_garden, grunt_orc_garden,
          grunt_orc_garden, grunt_orc_garden, uniq_rupert
Elf:1:    cheibrodos_wizards_tower, layout_onion_city, minivault_28,
          uniq_asterion
Vaults:1: hangedman_vaults_slice, v_alt_pattern_4, ontoclasm_vaults_pinch,
          vaults_room_ringed_pool, vaults_room_large_hall,
          vaults_room_door_ring, nicolae_vaults_angled_halls, v_misc_9,
          nicolae_vaults_windows_and_doors_thing,
          nicolae_vaults_yaktaur_gun_rack, nicolae_vaults_shelves_hall,
          vaults_room_door_ring, layout_vaults_big_room
Vaults:2: ontoclasm_vaults_gateway, ontoclasm_vaults_ring_large,
          minmay_crypt_entry_simple_statues, vaults_mumra_bighexcomb, v_misc_31,
          nicolae_vaults_little_ls, ontoclasm_vaults_tryst,
          ontoclasm_vaults_hangar, nicolae_vaults_network_periphery, v_misc_4,
          grunt_vaults_hallway_short, v_alt_pattern_3,
          nicolae_vaults_sealed_display, layout_vaults_omnicross,
          mu_enter_wizlab_5
Vaults:3: nicolae_vaults_network_barrier, ontoclasm_vaults_misaligned,
          nicolae_vaults_arrows, vaults_room_fancy_cross,
          vaults_room_semicircle, vaults_room_boxed, dpeg_vaults_monster_row,
          ontoclasm_vaults_loading_screen, vaults_room_door_hall, v_pattern_2,
          vaults_dpeg_diagonal, layout_vaults_omnibox
Vaults:4: grunt_vaults_funnel, v_misc_4, vaults_standard_mumra_x, v_misc_12,
          v_misc_9, nicolae_vaults_ring_of_whatevers, v_misc_13, v_misc_15,
          vaults_mumra_minichess_inversion, nicolae_vaults_ring_of_whatevers,
          nicolae_vaults_asterisk, vaults_dpeg_ring, layout_vaults_ring,
          uniq_xtahua
Vaults:5: uniq_bai_suzhen, uniq_mennas, uniq_saint_roka
Depths:1: layout_cave_pools, nicolae_wwwww, pf_hell_entry_tar_spiral,
          wad_floor_pattern_1, minmay_crystal_box
Depths:2: grated_community_mu [grated_community_mu_vampire_home,
          grated_community_mu_giant_home, grated_community_mu_spellcaster_home,
          grated_community_mu_orcish_home, grated_community_mu_troll_home,
          grated_community_mu_taur_home, grated_community_mu_unbuilt_plot],
          layout_cave_pools, hell_entry, serial_bayou_pond_a
Depths:3: minmay_angry_zag, layout_basic, grunt_hell_entry_dis_old,
          hangedman_abyss_or_decor_passed, abyss_entry_small_statue_room,
          grunt_pan_entry_sceptre
Depths:4: box_level_dp, abyss_entry, hell_entry
Depths:5: evilmike_zot_entry_hall, layout_gridlike, enter_ziggurat_a,
          hangedman_glass_teeth, hell_entry, serial_bayou_shore_a, uniq_boris,
          uniq_frederick
Zig:24

Skill      XL: |  1  2  3  4  5  6  7  8  9 10 11 12 13 14 15 16 17 18 19 20 21 22 23 24 25 26 27 |
---------------+----------------------------------------------------------------------------------+-----
Air Magic      | 3 4 6 7 9 10 12 14 15 16 17 19 20 21 22 23 24 25 | 25.7
Dodging        | 2 3 4 5 6 7 8 9 10 11 15 | 15.7
Fighting       | 1 2 4 5 7 8 9 10 12 14 16 17 | 17.9
Spellcasting   | 4 5 6 8 9 10 11 13 14 15 16 17 18 19 20 | 20.9
Shields        | 3 4 5 7 8 9 15 | 15.0
Evocations     | 4 |  4.0
Armour         | 4 5 |  5.0
Transmutations | 5 14 15 16 | 16.8
Stealth        | 11 | 11.3
Ice Magic      | 13 | 13.1
Conjurations   | 13 | 13.8
Poison Magic   | |  0.4

Action                   |  1- 3 |  4- 6 |  7- 9 | 10-12 | 13-15 | 16-18 | 19-21 | 22-24 | 25-27 || total
-------------------------+-------+-------+-------+-------+-------+-------+-------+-------+-------++-------
Melee: Unarmed           |     1 |       |       |       |       |       |       |       |       ||     1
       Dagger            |    19 |    67 |    84 |    29 |   246 |   105 |       |       |       ||   550
       Staff             |       |       |       |    31 |   119 |   165 |   189 |   168 |    97 ||   769
Throw: Stone             |     6 |    15 |     3 |     2 |    16 |    22 |       |       |       ||    64
 Cast: Shock             |    50 |   155 |   138 |   144 |    56 |     4 |       |       |       ||   547
       Swiftness         |     2 |     4 |     4 |     3 |     1 |     3 |       |       |       ||    17
       Airstrike         |       |    12 |    87 |   288 |   352 |   438 |    66 |   111 |    26 ||  1380
       Summon Lightning  |       |       |     3 |    62 |    91 |    34 |     5 |     2 |       ||   197
       Mephitic Cloud    |       |       |       |    19 |    15 |     7 |       |       |       ||    41
       Lightning Bolt    |       |       |       |     7 |   263 |   148 |    61 |    32 |     2 ||   513
       Summon Guardian G |       |       |       |    10 |    49 |    14 |     1 |       |       ||    74
       Static Discharge  |       |       |       |     8 |    70 |   116 |       |       |     1 ||   195
       Conjure Flame     |       |       |       |       |     4 |       |       |       |       ||     4
       Freezing Cloud    |       |       |       |       |       |     4 |     1 |       |       ||     5
       Tornado           |       |       |       |       |       |    41 |    77 |   151 |   116 ||   385
       Conjure Ball Ligh |       |       |       |       |       |     8 |     4 |     6 |    15 ||    33
       Chain Lightning   |       |       |       |       |       |       |     1 |     2 |     7 ||    10
       Statue Form       |       |       |       |       |       |       |       |     1 |    36 ||    37
       Regeneration      |       |       |       |       |       |       |       |       |    23 ||    23
       Shroud of Golubri |       |       |       |       |       |       |       |       |     9 ||     9
Evoke: Wand              |       |       |       |     7 |    12 |     3 |       |     1 |    17 ||    40
       Sack of spiders   |       |       |       |       |       |     1 |       |       |       ||     1
  Use: Scroll            |     3 |     4 |    11 |    21 |    12 |    12 |       |     3 |    26 ||    92
       Potion            |     3 |     1 |     6 |     7 |     9 |    10 |     3 |     1 |    23 ||    63
 Stab: Sleeping          |     2 |       |       |       |     1 |     1 |     3 |     1 |       ||     8
       Confused          |       |       |       |     3 |     1 |     2 |       |       |       ||     6
       Distracted        |       |       |       |     1 |     2 |     1 |     2 |       |       ||     6
       Invisible         |       |       |       |       |     1 |     4 |       |       |       ||     5
  Eat: Chunk             |     3 |    10 |    21 |    17 |    47 |    46 |    54 |    70 |    29 ||   297
       Ration            |       |     2 |     3 |    15 |    16 |    17 |     3 |     8 |    12 ||    76
Armor: Robe              |    27 |    29 |    86 |    34 |   173 |   245 |    64 |    71 |    17 ||   746
       Skin              |       |       |       |     2 |       |       |       |       |   248 ||   250
       Leather armour    |       |       |       |       |       |       |       |     2 |       ||     2
Dodge: Dodged            |    51 |    67 |   179 |   149 |   602 |   942 |   373 |   491 |   670 ||  3524
Block: Other             |       |       |       |    22 |    28 |       |       |       |       ||    50
       Reflection        |       |       |       |       |    22 |    24 |       |       |       ||    46
       Buckler           |       |       |       |       |   203 |   388 |    93 |   119 |   302 ||  1105

Table legend:
 A = Non-vault XP
 B = Vault XP
 C = Vault XP percentage of total XP
 D = Non-vault monster count
 E = Vault monster count
 F = Vault count percentage of total count
                 A         B        C        D         E       F
            +---------+---------+-------+---------+---------+-------
      Total | 1213296 |  547818 |  31.1 |    1906 |     708 |  27.1
            +---------+---------+-------+---------+---------+-------
        D:1 |      25 |       4 |  13.8 |      15 |       3 |  16.7
        D:2 |     104 |       0 |   0.0 |      29 |       0 |   0.0
        D:3 |     275 |     663 |  70.7 |      30 |       1 |   3.2
        D:4 |     110 |     170 |  60.7 |       6 |       7 |  53.8
        D:5 |     997 |      18 |   1.8 |      25 |       1 |   3.8
        D:6 |     933 |     283 |  23.3 |      21 |       1 |   4.5
        D:7 |     917 |     116 |  11.2 |      18 |       1 |   5.3
        D:8 |     464 |     347 |  42.8 |      14 |       3 |  17.6
        D:9 |    1668 |     256 |  13.3 |      31 |       4 |  11.4
       D:10 |    1847 |    1427 |  43.6 |      14 |      21 |  60.0
       D:11 |    1715 |    2980 |  63.5 |      10 |      15 |  60.0
       D:12 |    3315 |     464 |  12.3 |      22 |       1 |   4.3
       D:13 |    6525 |    1934 |  22.9 |      29 |       2 |   6.5
       D:14 |   10803 |    6986 |  39.3 |      31 |      38 |  55.1
       D:15 |   12086 |    6077 |  33.5 |      20 |      13 |  39.4
     Lair:1 |    1756 |       0 |   0.0 |       9 |       0 |   0.0
     Lair:2 |    2958 |       0 |   0.0 |      10 |       0 |   0.0
     Lair:3 |     593 |    2694 |  82.0 |       5 |       4 |  44.4
     Lair:4 |    1963 |       0 |   0.0 |       7 |       0 |   0.0
     Lair:5 |    6714 |       0 |   0.0 |      18 |       0 |   0.0
     Lair:6 |   15133 |    3220 |  17.5 |      41 |      11 |  21.2
   Shoals:1 |   13173 |     485 |   3.6 |      29 |       1 |   3.3
   Shoals:2 |   15387 |   13204 |  46.2 |      31 |      17 |  35.4
   Shoals:3 |   25599 |       0 |   0.0 |      50 |       0 |   0.0
   Shoals:4 |    8604 |   21921 |  71.8 |      16 |      33 |  67.3
   Spider:1 |   11913 |       0 |   0.0 |      39 |       0 |   0.0
   Spider:2 |    7139 |     573 |   7.4 |      18 |       1 |   5.3
   Spider:3 |   17383 |   10582 |  37.8 |      53 |      26 |  32.9
   Spider:4 |   14389 |   16968 |  54.1 |      37 |      23 |  38.3
      Orc:1 |    2835 |    2658 |  48.4 |      29 |      15 |  34.1
      Orc:2 |    1959 |    8572 |  81.4 |      16 |      21 |  56.8
      Elf:1 |     565 |    1416 |  71.5 |       1 |       3 |  75.0
   Vaults:1 |   49105 |   12139 |  19.8 |      71 |      24 |  25.3
   Vaults:2 |   25833 |   28018 |  52.0 |      46 |      32 |  41.0
   Vaults:3 |   23769 |   35499 |  59.9 |      50 |      57 |  53.3
   Vaults:4 |   48892 |   30093 |  38.1 |      79 |      23 |  22.5
   Vaults:5 |   30218 |  147675 |  83.0 |      46 |     100 |  68.5
   Depths:1 |   22250 |    5082 |  18.6 |      38 |       5 |  11.6
   Depths:2 |   57982 |   46637 |  44.6 |      62 |      68 |  52.3
   Depths:3 |   23864 |    6499 |  21.4 |      38 |       6 |  13.6
   Depths:4 |   57016 |   79935 |  58.4 |      66 |      69 |  51.1
   Depths:5 |   29035 |   27785 |  48.9 |      34 |      13 |  27.7
      Zig:1 |    5880 |       0 |   0.0 |       1 |       0 |   0.0
      Zig:2 |     873 |       0 |   0.0 |       5 |       0 |   0.0
      Zig:3 |    3612 |    2709 |  42.9 |       4 |       4 |  50.0
      Zig:4 |    6639 |       0 |   0.0 |       5 |       0 |   0.0
      Zig:5 |    5526 |       0 |   0.0 |       7 |       0 |   0.0
      Zig:6 |    6515 |       0 |   0.0 |       9 |       0 |   0.0
      Zig:7 |   10039 |       0 |   0.0 |      13 |       0 |   0.0
      Zig:8 |    9145 |       0 |   0.0 |      12 |       0 |   0.0
      Zig:9 |   20436 |       0 |   0.0 |      21 |       0 |   0.0
     Zig:10 |   17052 |       0 |   0.0 |      12 |       0 |   0.0
     Zig:11 |   24434 |       0 |   0.0 |      15 |       0 |   0.0
     Zig:12 |   23343 |       0 |   0.0 |      19 |       0 |   0.0
     Zig:13 |   13582 |       0 |   0.0 |      25 |       0 |   0.0
     Zig:14 |   38484 |    5352 |  12.2 |      25 |       4 |  13.8
     Zig:15 |   25026 |       0 |   0.0 |      34 |       0 |   0.0
     Zig:16 |   29575 |    2244 |   7.1 |      30 |       4 |  11.8
     Zig:17 |   60021 |       0 |   0.0 |      30 |       0 |   0.0
     Zig:18 |   37638 |       0 |   0.0 |      42 |       0 |   0.0
     Zig:19 |   42665 |       0 |   0.0 |      44 |       0 |   0.0
     Zig:20 |   48353 |       0 |   0.0 |      48 |       0 |   0.0
     Zig:21 |   45544 |       0 |   0.0 |      50 |       0 |   0.0
     Zig:22 |   67282 |    4885 |   6.8 |      89 |       4 |   4.3
     Zig:23 |   47466 |       0 |   0.0 |      76 |       0 |   0.0
     Zig:24 |   66355 |       0 |   0.0 |      36 |       0 |   0.0
    Ossuary |       0 |     265 | 100.0 |       0 |      16 | 100.0
    Volcano |       0 |    7057 | 100.0 |       0 |       8 | 100.0
     WizLab |       0 |    1172 | 100.0 |       0 |       1 | 100.0
   Gauntlet |       0 |     754 | 100.0 |       0 |       4 | 100.0
            +---------+---------+-------+---------+---------+-------
